 Dungeon Crawl Stone Soup version 0.30-a0-29-g142975f185 (webtiles) character file.

Game seed: 1661869006154373413

7828 Flugkiller the Cleaver (level 11, -9/99 HPs)
             Began as a Minotaur Fighter on Aug 26, 2022.
             Was a Follower of Qazlal.
             Succumbed to a kobold brigand's curare-tipped dart
             ... on level 10 of the Dungeon.
             The game lasted 00:05:15 (11839 turns).

Flugkiller the Cleaver (Minotaur Fighter)          Turns: 11839, Time: 00:05:15

Health: -9/99      AC: 15    Str: 22    XL:     11   Next: 1%
Magic:  11/15      EV:  8    Int:  5    God:    Qazlal [*.....]
Gold:   417        SH:  7    Dex: 13    Spells: 10/10 levels left

rFire   . . .      SeeInvis .    x - +1 broad axe (elec)
rCold   + + .      Faith    .    c - +0 buckler
rNeg    . . .      Spirit   .    L - +0 chain mail
rPois   .          Reflect  .    s - +1 hat
rElec   .          Harm     .    o - +0 cloak
rCorr   .          Rampage  .    (no gloves)
Will    .....      Clarity  +    C - +0 pair of boots
Stlth   ..........               (no amulet)
HPRegen 0.26/turn                (no ring)
MPRegen 0.14/turn                (no ring)

@: lethally poisoned (-9 -> -51), slowed, very slow
A: horns 2, retaliatory headbutt, clarity, cold resistance 2
a: Renounce Religion


You were on level 10 of the Dungeon.
You worshipped Qazlal.
Qazlal was aware of your devotion.
You visited 2 branches of the dungeon, and saw 11 of its levels.

You collected 499 gold pieces.
You spent 82 gold pieces at shops.

Inventory:

Hand Weapons
 a - a +0 war axe
 x - a +1 broad axe of electrocution (weapon)
   (You found it on level 9 of the Dungeon)
Missiles
 E - 3 throwing nets (quivered)
Armour
 c - a +0 buckler (worn)
 o - a +0 cloak (worn)
   (You took it off Crazy Yiuf on level 2 of the Dungeon)
 s - a +1 hat (worn)
   (You found it on level 3 of the Dungeon)
 C - a +0 pair of boots (worn)
   (You found it on level 6 of the Dungeon)
 L - a +0 chain mail (worn)
   (You took it off an orc warrior on level 8 of the Dungeon)
Jewellery
 e - an amulet of faith
   (You found it on level 1 of the Dungeon)
 k - a ring of resist corrosion
   (You found it on level 8 of the Dungeon)
 F - a ring of flight
   (You found it on level 6 of the Dungeon)
Wands
 g - a wand of digging (11)
   (You found it on level 5 of the Dungeon)
 A - a wand of mindburst (10)
   (You found it on level 5 of the Dungeon)
Scrolls
 h - 2 scrolls of immolation
 j - a scroll of silence
 l - 5 scrolls of magic mapping
 n - 4 scrolls of vulnerability
 p - a scroll of fear
 t - 4 scrolls of teleportation
 w - a scroll of summoning
 z - a scroll of blinking
 B - a scroll of enchant armour
 D - a scroll of brand weapon
Potions
 b - a potion of invisibility {unknown}
 d - a potion of ambrosia {unknown}
 f - 3 potions of flight {unknown}
 i - a potion of brilliance {unknown}
 m - 3 potions of heal wounds {unknown}
 q - 2 potions of curing
 u - 3 potions of mutation
 v - a potion of resistance {unknown}
 G - a potion of berserk rage {unknown}
 J - 3 potions of attraction {unknown}


   Skills:
 + Level 10.0 Fighting
 * Level 13.2 Axes
 + Level 10.0 Armour
 - Level 3.6 Shields
 + Level 7.0 Invocations


You had 10 spell levels left.
You didn't know any spells.
Your spell library was empty.

Dungeon Overview and Level Annotations

Branches:
Dungeon (10/15)            Temple (1/1) D:4            Lair (0/5) D:9
    Orc (0/2) D:10

Altars:
Ashenzari
Cheibriados
Dithmenos
Fedhas
Hepliaklqana
Kikubaaqudgha
Makhleb
Okawaru
Qazlal
Ru
Sif Muna
Trog
Vehumet
Yredelemnul
Zin

Shops:
D:1 :   D:5 *   D:6 *   D:7 [   D:9 *


Innate Abilities, Weirdness & Mutations

You have a pair of horns on your head.
You reflexively headbutt those who attack you in melee.
You possess an exceptional clarity of mind.
Your flesh is very cold resistant. (rC++)


Message History

You feel sick.
You are no longer poisoned.
An orc warrior comes into view.
It is wielding a +1 halberd of freezing.
The kobold brigand completely misses you.
The kobold brigand hits you but does no damage.
You block the kobold brigand's attack.
The gnoll sergeant hits you but does no damage.
You are poisoned.
A gnoll comes into view. It is wielding a +0 club.
A gnoll sergeant comes into view. It is wielding a +4 spear of flaming.
The kobold brigand hits you but does no damage.
The orc warrior moves out of view.
You have reached level 11!
The kobold brigand attacks as you move away!
The kobold brigand hits you but does no damage.
You feel very sick.
The orc warrior is no longer encased in ice.
The kobold brigand hits you but does no damage.
You feel sick.
The kobold brigand hits you but does no damage.
You feel sick.
The kobold brigand hits you but does no damage.
You feel sick.
You hit the kobold brigand.
The kobold brigand is lightly wounded.
You feel sick.
The kobold brigand hits you but does no damage.
The gnoll sergeant hits you from afar with a +1 spear of venom.
You are more poisoned.
The kobold brigand hits you with a +2 short sword of speed.
You barely miss the kobold brigand.
The kobold brigand is lightly wounded.
You feel very sick. You block the kobold brigand's attack.
The gnoll sergeant hits you from afar with a +1 spear of venom.
You are more poisoned.
The kobold brigand hits you but does no damage.
The gnoll sergeant hits you but does no damage.
You are more poisoned.
The kobold brigand closely misses you.
You barely miss the kobold brigand.
You headbutt the kobold brigand, but do no damage.
The kobold brigand is lightly wounded.
You feel yourself speed up.
You feel extremely sick. The kobold brigand closely misses you.
The gnoll sergeant barely misses you. You block the kobold brigand's attack.
You slash the kobold brigand! You headbutt the kobold brigand.
The kobold brigand is moderately wounded.
You feel very sick.
The gnoll sergeant hits you from afar with a +1 spear of venom!
You are more poisoned.
You block the kobold brigand's attack.
The kobold brigand hits you but does no damage.
You completely miss the kobold brigand.
Your headbutt misses the kobold brigand.
The kobold brigand is moderately wounded.
You feel very sick. The gnoll sergeant closely misses you.
The kobold brigand hits you but does no damage.
You are too injured to fight recklessly!
You are too injured to fight recklessly!
You are too injured to fight recklessly!
You are too injured to fight recklessly!
You are too injured to fight recklessly!
You feel very sick.
You feel better.
The kobold brigand hits you with a +2 short sword of speed.
As you read the scroll of teleportation, it crumbles to dust.
You feel strangely unstable. The kobold brigand barely misses you.
You furiously retaliate!
You headbutt the kobold brigand.
The gnoll sergeant hits you from afar with a +1 spear of venom.
You are poisoned.
The kobold brigand hits you but does no damage.
The kobold brigand attacks as you move away!
The kobold brigand hits you with a +2 short sword of speed!
You feel very sick.
The kobold brigand throws a curare-tipped dart.
The curare-tipped dart hits you.
You are more poisoned.
You have difficulty breathing.
* * * LOW HITPOINT WARNING * * *
You feel yourself slow down.
* * * LOW HITPOINT WARNING * * *
You feel very sick.
The kobold brigand throws a curare-tipped dart.
The curare-tipped dart hits you.
You are lethally poisoned!
You have difficulty breathing.
* * * LOW HITPOINT WARNING * * *
You feel as though you will be slow longer.
The kobold brigand throws a curare-tipped dart.
The curare-tipped dart hits you.
You are more poisoned.
You have difficulty breathing.
* * * LOW HITPOINT WARNING * * *
You feel as though you will be slow longer.
Your surroundings suddenly seem different.
Found a scroll of identify.
Found a stone staircase leading down.
You die...

#..#####......# .....#... #..#
#......# ..........
#..#####......# #..........
#.............#####+###..........
##.####..................########
...# #.............>... #8..g
#### #..........?...... #..gg
#.###.............


#.ggg #.# #.....@....... #.# #............. #.# #............. ..#
#######....... ....... ....... ....... ....... There were no monsters in sight!

Vanquished Creatures
  A deep elf pyromancer (D:10)
  Pikel (D:5)
  A gargoyle (D:10)
  2 trolls (D:10)
  A hornet (D:9)
  11 yaks (D:9)
  Sigmund (D:2)
  4 steam dragons
  2 vampire mosquitoes (D:10)
  A water moccasin (D:6)
  4 orc warriors
  2 ice beasts
  2 black bears
  2 sky beasts
  An ogre (D:6)
  A centaur (D:8)
  A phantom (D:5)
  Blork the orc (D:5)
  3 bullfrogs
  3 kobold brigands
  3 necrophages
  A gnoll sergeant (D:9)
  4 scorpions
  4 killer bees (D:8)
  5 howler monkeys
  2 electric eels (D:10)
  2 jellies
  Crazy Yiuf (D:2)
  A hound (D:6)
  4 orc priests
  2 gnoll boudas
  An iguana (D:6)
  9 orc wizards
  A mummy (D:4)
  14 gnolls
  6 adders
  3 shadow imps
  3 white imps
  An ufetubus (D:5)
  2 worms
  18 orcs
  4 endoplasms
  4 giant cockroaches
  A goblin (D:3)
  6 hobgoblins
  3 quokkas
  7 ball pythons
  2 bats (D:1)
  6 frilled lizards
  17 kobolds
  4 rats
186 creatures vanquished.

Vanquished Creatures (others)
  A fungus (D:1)
1 creature vanquished.

Grand Total: 187 creatures vanquished

Notes
Turn   | Place    | Note
-------+----------+-------------------------------------------
     0 | D:1      | Flugkiller the Minotaur Fighter began the quest for the
                  | Orb.
     0 | D:1      | Reached XP level 1. HP: 19/19 MP: 0/0
   160 | D:1      | Reached skill level 3 in Axes
   160 | D:1      | Reached XP level 2. HP: 27/27 MP: 1/1
   339 | D:1      | Found a faded altar of an unknown god.
   364 | D:1      | Found Diodoanepa's Book Shop.
   836 | D:2      | Noticed Sigmund
   843 | D:2      | Killed Sigmund
   844 | D:2      | Reached skill level 5 in Axes
   844 | D:2      | Reached XP level 3. HP: 19/34 MP: 2/2
   844 | D:2      | Reached XP level 4. HP: 23/41 MP: 3/3
   844 | D:2      | Reached XP level 5. HP: 26/47 MP: 4/4
  1321 | D:2      | Found a runed translucent door.
  1322 | D:2      | Noticed Crazy Yiuf
  1377 | D:2      | Identified the +10 whip "Epyegoku" {venom, rN+ Will+ Str-2}
  1677 | D:2      | Killed Crazy Yiuf
  2449 | D:3      | Identified the +3 falchion of Ceipioch {vorpal, *Rage rN++
                  | Str-3 Stlth+}
  2518 | D:3      | Reached skill level 5 in Armour
  2630 | D:3      | Found a hazy altar of Hepliaklqana.
  2742 | D:4      | Reached skill level 5 in Fighting
  2823 | D:4      | Found a staircase to the Ecumenical Temple.
  3062 | Temple   | Entered the Ecumenical Temple
  3195 | Temple   | Became a worshipper of Qazlal Stormbringer
  3367 | D:4      | Found a snail-covered altar of Cheibriados.
  3455 | D:5      | Entered Level 5 of the Dungeon
  3487 | D:5      | Reached XP level 6. HP: 35/56 MP: 5/5
  3763 | D:5      | Noticed Pikel
  3772 | D:5      | Gained mutation: Your flesh is cold resistant. (rC+)
                  | [potion of mutation]
  3772 | D:5      | Gained mutation: You possess an exceptional clarity of
                  | mind. [potion of mutation]
  3772 | D:5      | Gained mutation: Your flesh is very cold resistant. (rC++)
                  | [potion of mutation]
  3775 | D:5      | Reached skill level 6 in Axes
  3779 | D:5      | Killed Pikel
  3780 | D:5      | Reached skill level 7 in Axes
  3780 | D:5      | Reached XP level 7. HP: 39/63 MP: 5/7
  3984 | D:5      | Noticed Blork the orc
  3990 | D:5      | Killed Blork the orc
  4143 | D:5      | Found Vefiu's Fire Supplies.
  4327 | D:5      | Reached XP level 8. HP: 65/70 MP: 9/9
  4379 | D:5      | Reached skill level 8 in Axes
  5347 | D:6      | Reached skill level 9 in Axes
  5412 | D:6      | Found Kont's General Store.
  5834 | D:6      | Bought a scroll of magic mapping for 82 gold pieces
  6092 | D:7      | Reached XP level 9. HP: 79/79 MP: 11/11
  6147 | D:7      | Found Ehar Dia's Armour Shoppe.
  6636 | D:7      | Reached skill level 10 in Axes
  7184 | D:8      | Reached * piety under Qazlal
  7472 | D:8      | Reached skill level 5 in Invocations
  8685 | D:8      | Reached skill level 11 in Axes
  8762 | D:8      | Found a shadowy altar of Dithmenos.
  8762 | D:8      | Found an iron altar of Okawaru.
  9131 | D:9      | Found Fytudoug's Elemental Accessories.
  9152 | D:9      | Reached ** piety under Qazlal
  9153 | D:9      | Reached XP level 10. HP: 85/90 MP: 13/13
  9473 | D:9      | Reached skill level 12 in Axes
 10386 | D:9      | Identified the +8 trident of Moral Flaws {flame, *Corrode
                  | rF+ Dex+6}
 10595 | D:9      | Found a staircase to the Lair.
 10676 | D:10     | Entered Level 10 of the Dungeon
 10677 | D:10     | Noticed a gargoyle
 10684 | D:10     | Killed a gargoyle
 11140 | D:10     | Noticed a deep elf pyromancer
 11149 | D:10     | Killed a deep elf pyromancer
 11152 | D:10     | Reached skill level 13 in Axes
 11819 | D:10     | Found a staircase to the Orcish Mines.
 11823 | D:10     | Reached skill level 10 in Fighting
 11823 | D:10     | Reached skill level 10 in Armour
 11825 | D:10     | Reached XP level 11. HP: 81/99 MP: 8/15
 11838 | D:10     | HP: 3/99 [asphyx]
 11839 | D:10     | Succumbed to a kobold brigand's curare-tipped dart

Illustrated notes

Levels and vault maps discovered:
D:1:      sevenhm_arrival_forest_fort_small_3, layout_loops_ring,
          shapermc_ecumenical_altar_acropolis, serial_shops, shop
D:2:      layout_loops_corners, minmay_misc_feat_rows, uniq_crazy_yiuf_cottage,
          uniq_sigmund
D:3:      layout_loops_cross, nzn_hepliaklqana_mist_gate
D:4:      layout_basic, slow_altar_2, minmay_temple_entry_purple_smoke
D:5:      layout_basic, serial_glass, glass_columns_a, glass_columns_b,
          glass_columns_a, nicolae_shop_fire_sale [nicolae_sub_dead_trees],
          grunt_ministairs_3, minmay_misc_feat_room, uniq_blork_the_orc,
          uniq_pikel
D:6:      layout_basic, serial_shops, shop_fountains, nicolae_benzene_ring,
          minmay_diced_spiral
D:7:      layout_basic, serial_co_window_serial, co_window_paths_b,
          co_window_corner_a, co_window_of_opportunity_a, co_window_paths_a,
          co_window_paths_a, co_window_of_opportunity_a, co_window_paths_a,
          co_window_corner_a, co_window_corner_a, co_window_cross_2,
          co_window_corner_b, co_window_corner_cb, co_window_paths_d,
          glass_columns_b, glass_columns_a, glass_columns_a, glass_columns_a,
          glass_columns_a, serial_shops, nicolae_stop_n_shop_2
D:8:      layout_loops_corners, gammafunk_temple_overflow_pools
D:9:      layout_irregular_city, lair_entry_dummy, nicolae_elemental_shop
D:10:     layout_basic, overflow_temple_1_default,
          kennysheep_orc_monster_closet_entryway
Temple:   minmay_crystal_spiral_temple

Skill      XL: |  1  2  3  4  5  6  7  8  9 10 |
---------------+-------------------------------+-----
Axes           | 3 5 7 9 11 13 | 13.2
Armour         | 4 5 6 7 8 10 | 10.0
Fighting       | 4 5 6 7 8 10 | 10.0
Invocations    | 2 4 5 7 |  7.0
Shields        | |  3.6

Action                   |  1- 3 |  4- 6 |  7- 9 | 10-12 || total
-------------------------+-------+-------+-------+-------++-------
Melee: War axe           |    60 |    93 |   287 |    65 ||   505
       Headbutt          |     7 |    16 |    58 |    28 ||   109
       Broad axe         |       |       |       |    50 ||    50
Invok: Upheaval          |       |       |       |     7 ||     7
Evoke: Wand              |       |       |       |     1 ||     1
  Use: Potion            |       |     2 |       |     4 ||     6
       Scroll            |       |       |     5 |     9 ||    14
Armor: Scale mail        |    29 |    37 |   115 |       ||   181
       Chain mail        |       |       |    20 |    58 ||    78
Dodge: Dodged            |    34 |    35 |   118 |    41 ||   228
Block: Buckler           |    17 |    18 |    71 |    47 ||   153

Table legend: (Time is in decaauts)
 A = Elapsed time spent in this place.
 B = Non-inter-level travel time spent in this place.
 C = Inter-level travel time spent in this place.
 D = Time resting spent in this place.
 E = Time spent auto-exploring this place.
 F = Levels seen in this place.
 G = Mean time per level.
                   A        B        C        D        E       F      G
               +--------+--------+--------+--------+--------+-----+--------+
         Total |  11924 |  11594 |    330 |   1456 |   8757 |  11 | 1084.0 |
       Dungeon |  11771 |  11494 |    277 |   1456 |   8670 |  10 | 1177.1 |
        Temple |    152 |     99 |     53 |      0 |     87 |   1 |  152.0 |
               +--------+--------+--------+--------+--------+-----+--------+

Top non-repeatable levels by time:
     D:9: 1794 daAuts
     D:5: 1788 daAuts
     D:8: 1534 daAuts
     D:7: 1258 daAuts
    D:10: 1182 daAuts
     D:2: 1136 daAuts
     D:6: 868 daAuts
     D:1: 808 daAuts
     D:3: 801 daAuts
     D:4: 599 daAuts
  Temple: 152 daAuts
